 Dungeon Crawl Stone Soup version 0.14-a0-1863-gcc20582 (webtiles) character file.

98 M4edhros the Poker (level 4, 0/31 HPs)
             Began as an Octopode Chaos Knight on Jan 14, 2014.
             Was a Plaything of Xom.
             Slain by a bat (1 damage)
             ... on Level 4 of the Dungeon.
             The game lasted 00:01:53 (546 turns).

M4edhros the Poker (Octopode Chaos Knight)           Turns: 546, Time: 00:01:53

HP   0/31        AC  1     Str 11      XL: 4   Next:  3%
MP   4/4         EV 11     Int 15      God: Xom
Gold 39          SH  6     Dex 11      Spells:  0 memorised,  3 levels left

rFire  + . .     SeeInvis .     a - +0 spear (chaos)
rCold  x . .     Clarity  .     j - +0 buckler
rNeg   . . .     Conserve .     (helmet restricted)
rPois  .         rCorr    .     (no amulet)
rElec  .         rRot     .     m - ring of fire
SustAb . .       Spirit   .     (no ring)
rMut   .         Warding  .     (no ring)
Saprov . . .     Stasis   .     (no ring)
MR     .....                    (no ring)
                                (no ring)
                                (no ring)
                                (no ring)

@: very slightly contaminated, hasted, very quick, not resistant to hostile
enchantments, fairly stealthy
A: almost no armour, amphibious, 8 rings, constrict 8, beak, camouflage 1, slow
healing 1, gelatinous body 1, evolution 1
a: Renounce Religion


You were on level 4 of the Dungeon.
You worshipped Xom.
You were a toy of Xom.
You were not hungry.

You visited 1 branch of the dungeon, and saw 4 of its levels.

You collected 39 gold pieces.

Inventory:

Hand weapons
 a - a +0,+0 spear of chaos (weapon)
Armour
 j - a +0 buckler (worn)
Comestibles
 b - a sausage
 c - a bread ration
 k - a pear
Scrolls
 d - 2 scrolls of identify {unknown}
 e - a scroll of curse jewellery {unknown}
 g - a scroll of fog {unknown}
 h - a scroll of immolation {unknown}
Jewellery
 m - a ring of fire (left tentacle)
Potions
 i - a potion of speed


   Skills:
 - Level 3.0 Fighting
 + Level 4.8 Polearms
 - Level 2.3 Dodging


You had 3 spell levels left.
You didn't know any spells.

Dungeon Overview and Level Annotations

Branches:
Dungeon (4/16)
 Temple: D:4-7

Altars:


Innate Abilities, Weirdness & Mutations

You cannot wear most types of armour.
You are amphibious.
You can wear up to eight rings at the same time.
You can use your tentacles to constrict many enemies at once.
Your skin changes colour to match your surroundings (Stlth).
Your rubbery body absorbs attacks (AC +1).
You have a beak for a mouth.
You heal slowly when monsters are visible.
You evolve.


Message History

Your natural healing is weakened.
Xom roars with laughter!
It was a potion of mutation.
You block its attack.
Drink which item? (? for menu, Esc to quit)
You feel yourself speed up.
It was a potion of speed.
Something hits you.
* * * LOW HITPOINT WARNING * * *
You are very lightly contaminated with residual magic.
Drink which item? (? for menu, Esc to quit)
You feel refreshed.
It was a potion of restore abilities.
Something hits you.
* * * LOW HITPOINT WARNING * * *
Read which item? (? for menu, Esc to quit)
Okay, then.
A bat comes into view.
A crimson imp comes into view.
The crimson imp shouts!
A goblin comes into view.
The bat barely misses you. The bat hits you.
You die...
Xom chortles!

.... .#.## # ....
#.###.#.## ###
#.....##.## ...
..g.5....b.## ..
#.......@...######.##
#.#########.....w)..#
#.#.####### #.#.#
#.#.# #.#.# #.#.#
#.#.# #.#.#


You could see a worm, a crimson imp, a goblin (wandering) and a bat.

Vanquished Creatures
  A hound (D:4)
  An adder (D:2)
  An adder skeleton (D:4)
  An orc (D:4)
  A ball python (D:2)
  A giant cockroach (D:4)
  2 goblins (D:2)
  4 kobolds
  A bat (D:1)
  A giant newt (D:1)
  A hobgoblin (D:3)
  2 rats
17 creatures vanquished.

Notes
Turn   | Place    | Note
--------------------------------------------------------------
     0 | D:1      | M4edhros, the Octopode Chaos Knight, began the quest for the Orb.
     0 | D:1      | Reached XP level 1. HP: 16/16 MP: 1/1
   183 | D:2      | XOM is BORED!
   183 | D:2      | XOM: harmless Tloc miscast
   199 | D:2      | Reached XP level 2. HP: 14/21 MP: 2/2
   210 | D:2      | XOM: silly message
   298 | D:2      | XOM: divination: magic mapping
   465 | D:4      | Reached skill level 4 in Polearms
   500 | D:4      | XOM: cast spell 'Cause Fear'
   502 | D:4      | Reached XP level 3. HP: 23/26 MP: 3/3
   526 | D:4      | XOM: cast spell 'Dispersal'
   529 | D:4      | Reached XP level 4. HP: 26/31 MP: 4/4
   536 | D:4      | Gained mutation: You evolve. [potion of mutation]
   536 | D:4      | Gained mutation: You have a beak for a mouth. [potion of mutation]
   536 | D:4      | Gained mutation: You heal slowly when monsters are visible. [potion of mutation]
   538 | D:4      | HP: 1/31 [something (5)]
   546 | D:4      | Slain by a bat

Action                   |  1- 3 |  4- 6 || total
-------------------------+-------+-------++-------
Melee: Spear             |    46 |     6 ||    52
  Use: Potion            |       |     3 ||     3
 Stab: Paralysed         |     2 |       ||     2
       Sleeping          |     2 |       ||     2
       Fleeing           |     1 |       ||     1
